 Dungeon Crawl Stone Soup version 0.31.0 (webtiles) character file.

Game seed: 2550729330446350805

227 qw the Shooter (level 6, 0/37 HPs)
             Began as a Gargoyle Hunter on Jan 19, 2024.
             Slain by Ijyb
             ... wielding a +0 dagger
              (2 damage)
             ... on level 3 of the Dungeon.
             The game lasted 00:00:06 (1651 turns).

qw the Shooter (Gargoyle Hunter)                    Turns: 1651, Time: 00:00:06

Health: 0/37       AC:  8    Str: 14    XL:     6   Next: 2%
Magic:  6/6        EV: 11    Int: 10    God:
Gold:   114        SH:  0    Dex: 15    Spells: 5/5 levels left

rFire   . . .        a - +1 shortbow
rCold   . . .        (shield currently unavailable)
rNeg    + . .        c - +0 leather armour
rPois   inf          (no helmet)
rElec   +            (no cloak)
rCorr   .            (no gloves)
SInv    +            d - +0 pair of boots
Will    .....        (no amulet)
Stlth   ++           (no ring)
HPRegen 0.26/turn    (no ring)
MPRegen 0.10/turn

%: no passive effects
@: no status effects
A: sickness immunity, AC +4, negative energy resistance 1, electricity
resistance, torment resistance 1, petrification resistance, hooves 1, see
invisible, wild magic 1, evolution 1, MP-powered wands
a: no special abilities


You were on level 3 of the Dungeon.
You visited 1 branch of the dungeon, and saw 3 of its levels.

You collected 114 gold pieces.


Innate Abilities, Weirdness & Mutations

You are immune to sickness and miasma.
Your stone body is resilient. (AC +4)
You are immune to poison.
You resist negative energy. (rN+)
You are resistant to electric shocks. (rElec)
You are resistant to unholy torment.
You are immune to petrification.
You have large cloven feet.
You have supernaturally acute eyesight. (SInv)
Your spells are a little harder to cast, but a little more powerful.
You have hidden genetic potential.
You expend magic power (3 MP) to strengthen your wands.


   Skills:
 - Level 3.1 Fighting
 - Level 6.7 Ranged Weapons
 + Level 0.0 Armour
 - Level 1.5 Dodging
 - Level 1.1 Stealth


You had 5 spell levels left.
You didn't know any spells.
Your spell library was empty.

Inventory:

Hand Weapons
 a - a +1 shortbow (weapon)
Armour
 c - a +0 leather armour (worn)
 d - a +0 pair of boots (worn)
 e - a +2 robe of willpower
Wands
 j - a wand of mindburst (6)
Scrolls
 b - a scroll of enchant armour {unknown}
Potions
 f - a potion of enlightenment
 h - a potion of haste
 k - a potion of mutation

Dungeon Overview and Level Annotations

Branches:
Dungeon (3/15)

Altars:

Annotations:
D:3 Ijyb


Message History

You kill Sigmund!
Your Ranged Weapons skill increases to level 6!
You have reached level 5!
You have reached level 6!
You start resting.
HP restored.
You see here a rat corpse.
e - a +2 robe of willpower You see here a +0 scythe.
You feel a genetic drift.
You feel your magical essence link to the dungeon's wands.
You now have 114 gold pieces (gained 12).
Found a stone staircase leading up.
Found 4 stones.
You see here 4 stones.
Ijyb the Twisted Goblin comes into view.
She is wielding a +0 dagger and carrying a wand of iceblast.
Ijyb shouts!
You shoot an arrow. The arrow closely misses Ijyb.
You shoot an arrow. The arrow hits Ijyb but does no damage.
You shoot an arrow. The arrow hits Ijyb.
Ijyb is lightly wounded.
You shoot an arrow. The arrow closely misses Ijyb.
Ijyb zaps a wand.
The mass of ice explodes!
The iceblast engulfs you!
You shoot an arrow. The arrow hits Ijyb.
Ijyb is moderately wounded.
You shoot an arrow. The arrow hits Ijyb.
Ijyb is moderately wounded.
Ijyb zaps a wand.
The mass of ice explodes!
The iceblast engulfs you!
Ijyb zaps a wand.
The mass of ice explodes!
The iceblast engulfs you.
You shoot an arrow. The arrow completely misses Ijyb.
You shoot an arrow. The arrow closely misses Ijyb.
Ijyb hits you with a +0 dagger.
You shoot an arrow. The arrow hits Ijyb but does no damage.
Ijyb is moderately wounded.
Ijyb hits you but does no damage.
You shoot an arrow. The arrow closely misses Ijyb.
Ijyb hits you with a +0 dagger.
You shoot an arrow. The arrow hits Ijyb but does no damage.
Ijyb is moderately wounded.
Ijyb hits you with a +0 dagger.
You die...

########.#
#........#
#.######## #.#
#.# #.# ##(##
.###########...##
......g@........#
############...##
##.## ###


You could see Ijyb.

Vanquished Creatures
  Sigmund (D:3)
  An adder (D:2)
  2 dart slugs (D:1)
  6 bats
  2 endoplasms (D:2)
  A giant cockroach (D:2)
  6 goblins (D:1)
  6 hobgoblins
  2 jackals (D:2)
  2 quokkas
  7 ball pythons
  2 frilled lizards (D:1)
  4 kobolds (D:1)
  7 rats
49 creatures vanquished.

Notes
Turn   | Place    | Note
-------+----------+-------------------------------------------
     0 | D:1      | qw the Gargoyle Hunter began the quest for the Orb.
     0 | D:1      | Reached XP level 1. HP: 12/12 MP: 1/1
     0 | D:1      | 0 ||| qw: Version: 0.3-a-132-g3d54051
     0 | D:1      | 0 ||| qw: Game counter: 349
     0 | D:1      | 0 ||| qw: Melee chars always use a shield: true
     0 | D:1      | 0 ||| qw: God list: Okawaru
     0 | D:1      | 0 ||| qw: Allow faded altars: false
     0 | D:1      | 0 ||| qw: Do Orc after clearing Dungeon:15 true
     0 | D:1      | 0 ||| qw: Do second Lair branch before Depths: true
     0 | D:1      | 0 ||| qw: Lair rune preference: random
     0 | D:1      | 0 ||| qw: Goals: Normal
     0 | D:1      | 0 ||| PLANNING D:1-11
   160 | D:1      | Found a faded altar of an unknown god.
   173 | D:1      | Reached XP level 2. HP: 17/17 MP: 2/2
   505 | D:1      | Reached XP level 3. HP: 21/21 MP: 3/3
   521 | D:1      | Reached skill level 5 in Ranged Weapons
   860 | D:1      | 860 ||| READING 3 scrolls labelled PUBUAGRIOTE.
   860 | D:1      | 860 ||| IDENTIFYING inky potion
   861 | D:1      | 861 ||| READING 2 scrolls of identify.
   861 | D:1      | 861 ||| IDENTIFYING viscous yellow potion
   862 | D:1      | 862 ||| READING scroll of identify.
   862 | D:1      | 862 ||| IDENTIFYING sapphire potion
   863 | D:1      | 863 ||| READING scroll labelled RANOYL USOF.
   864 | D:1      | 864 ||| READING scroll labelled YGUARIS APIGH.
   868 | D:1      | 868 ||| DRINKING 2 bubbling yellow potions.
   869 | D:1      | 869 ||| DROPPING scroll of butterflies.
   870 | D:1      | 870 ||| DROPPING potion of attraction.
   871 | D:1      | 871 ||| DROPPING potion of ambrosia.
  1091 | D:2      | Reached skill level 3 in Fighting
  1195 | D:2      | Reached XP level 4. HP: 26/28 MP: 4/4
  1449 | D:2      | 1449 ||| UPGRADING to +0 pair of boots.
  1454 | D:2      | 1454 ||| READING scroll of identify.
  1454 | D:2      | 1454 ||| IDENTIFYING sedimented dark potion
  1455 | D:2      | 1455 ||| READING scroll labelled SOMODY WYICZO.
  1455 | D:2      | 1455 ||| ENCHANTING +0 shortbow.
  1456 | D:2      | 1456 ||| READING scroll labelled RIZUQO TOGOOMI.
  1457 | D:2      | 1457 ||| DRINKING 2 purple potions.
  1457 | D:2      | Gained mutation: You have hidden genetic potential. [potion
                  | of mutation]
  1457 | D:2      | Gained mutation: You have large cloven feet. [potion of
                  | mutation]
  1457 | D:2      | Gained mutation: You have supernaturally acute eyesight.
                  | (SInv) [potion of mutation]
  1457 | D:2      | Gained mutation: Your spells are a little harder to cast,
                  | but a little more powerful. [potion of mutation]
  1458 | D:2      | 1458 ||| DROPPING potion of degeneration.
  1572 | D:3      | Noticed Sigmund
  1585 | D:3      | Killed Sigmund
  1586 | D:3      | Reached skill level 6 in Ranged Weapons
  1586 | D:3      | Reached XP level 5. HP: 30/32 MP: 5/5
  1586 | D:3      | Reached XP level 6. HP: 35/37 MP: 6/6
  1597 | D:3      | Gained mutation: You expend magic power (3 MP) to
                  | strengthen your wands. [hidden potential]
  1640 | D:3      | Noticed Ijyb
  1646 | D:3      | HP: 6/37 [Ijyb/iceblast (4)]
  1650 | D:3      | HP: 2/37 [Ijyb/+0 dagger (2)]
  1651 | D:3      | Slain by Ijyb

Levels and vault maps discovered:
D:1:      psy_arrival_heroes, layout_basic, nicolae_ecumenical_lake_church
D:2:      layout_basic
D:3:      kb_forest_paths, layout_loops_ring, general_overflow_altar, uniq_ijyb,
          uniq_sigmund

Skill      XL: |  1  2  3  4 |
---------------+-------------+-----
Ranged Weapons | 5 6 |  6.7
Fighting       | 3 |  3.1
Dodging        | |  1.5
Stealth        | |  1.1

Action                     |  1- 3 |  4- 6 || total
---------------------------+-------+-------++-------
   Fire: Shortbow          |   107 |    44 ||   151
    Use: Scroll            |     5 |     3 ||     8
         Potion            |     1 |     1 ||     2
 Armour: Leather armour    |    30 |    12 ||    42
  Dodge: Dodged            |    28 |    10 ||    38

Table legend:
 A = Non-vault XP
 B = Vault XP
 C = Vault XP percentage of total XP
 D = Non-vault monster count
 E = Vault monster count
 F = Vault count percentage of total count
                 A         B        C        D         E       F
            +---------+---------+-------+---------+---------+-------
      Total |      94 |     231 |  71.1 |      48 |       1 |   2.0
            +---------+---------+-------+---------+---------+-------
        D:1 |      49 |       0 |   0.0 |      26 |       0 |   0.0
        D:2 |      39 |       0 |   0.0 |      18 |       0 |   0.0
        D:3 |       6 |     231 |  97.5 |       4 |       1 |  20.0
            +---------+---------+-------+---------+---------+-------
